cohdb
Replays
Latest Replays
All Replays
Popular Replays
Top Player Replays
Match Explorer
How It Works
Community
CoH3 Stats
Reddit
Sign in to upload your games and track your stats! →
Sign in with Steam
Match 46915475
Unlisted
Match 46915475
Overview
Messages
Build Orders
End
Pioneer Squad
Construct Infanterie Kompanie
Grenadier Squad
Grenadier Squad
Grenadier Squad
Infanterie Officer Quarters
Selects Breakthrough Battlegroup
Selects Assault Grenadiers
Selects Breakthrough
Medical Station
Construct Luftwaffe Kompanie
Grenadier Squad
ShoulderGuyGuy
Adult Asthma Is A Choice
Not Emily Willis™
Androphyte
M1k3H4lt0n
Green Foxtail
0
0
Comments
sign in to comment!
No comments posted yet!